[Event "Titled Tuesday Blitz August 22 Early 2023"]
[White "Herzog2012"]
[Black "Timmermans, Mark"]
[BlackFideId "1026399"]
[WhiteElo "2442"]
[BlackElo "2718"]
[Result "1/2-1/2"]
[Round "2"]
[TimeControl "180+1"]
[Date "2023.08.22"]
[WhiteClock "0:00:02"]
[BlackClock "0:00:26"]
[Board "84"]

1. e4 e5 2. Nc3 Nf6 3. g3 d5 4. exd5 Nxd5 5. Bg2 Nxc3 6. bxc3 Bd6 7. Nf3 O-O 8. O-O Nc6 9. d4 Bg4 10. h3 Bh5 11. g4 Bg6 12. dxe5 Nxe5 13. Nd4 Nc6 14. Rb1 Rb8 15. Nxc6 bxc6 16. Rxb8 Qxb8 17. Bxc6 Rd8 18. Qe2 h6 19. Be3 Qb2 20. Bxa7 Qxa2 21. Bd4 Qxc2 22. Qxc2 Bxc2 23. Re1 Kf8 24. Kg2 Bg6 25. h4 h5 26. f3 Kg8 27. Re3 Rb8 28. Re8+ Rxe8 29. Bxe8 Kf8 30. Bc6 f6 31. c4 Bf7 32. Bd5 Be8 33. c5 Bf4 34. Kf2 Ke7 35. Be3 Be5 36. g5 Kd7 37. f4 Bc3 38. Kf3 g6 39. Bf2 Ke7 40. Ke4 Bb2 41. Bd4 f5+ 42. Kd3 Bc1 43. Be3 Ba3 44. Bd4 Bd7 45. Bf6+ Ke8 46. c6 Bc8 47. Ke3 Bd6 48. Be5 Ke7 49. Kd4 Be6 50. Bf6+ Kf7 51. Be5 Ke7 52. Bf6+ Kf7 53. Be5 Ke7 1/2-1/2


[Site "https://www.chess.com"]

[Event "Titled Tuesday Blitz August 22 Early 2023"]
[White "Matinian, Nikita"]
[Black "Nilsen, Tobias Lang"]
[WhiteFideId "24129100"]
[BlackFideId "1521624"]
[WhiteElo "2717"]
[BlackElo "2440"]
[Result "1-0"]
[Round "2"]
[TimeControl "180+1"]
[Date "2023.08.22"]
[WhiteClock "0:00:04"]
[BlackClock "0:00:00"]
[Board "85"]

1. e4 e6 2. d4 d5 3. Nc3 Bb4 4. e5 Ne7 5. Qg4 c5 6. a3 cxd4 7. axb4 dxc3 8. Qxg7 Rg8 9. Qxh7 Qc7 10. Nf3 Nbc6 11. Bb5 Bd7 12. O-O O-O-O 13. bxc3 Kb8 14. Be3 a6 15. Bxc6 Bxc6 16. Nd4 Nf5 17. Nxf5 exf5 18. Bd4 Rg6 19. f3 Rdg8 20. Rf2 Qe7 21. Qh5 Qe6 22. Re1 Rh6 23. Qxh6 Qxh6 24. f4 Qe6 25. Re3 Bb5 26. Rh3 Qc6 27. Rh7 Qc4 28. Rxf7 Qa2 29. h3 Qb1+ 30. Kh2 Ba4 31. Rxf5 Bxc2 32. Rg5 Re8 33. f5 Qe1 34. f6 Qc1 35. f7 Rc8 36. Rg8 1-0


[Site "https://www.chess.com"]

[Event "Titled Tuesday Blitz August 22 Early 2023"]
[White "Shoker, Samy"]
[Black "Ronka, Erik"]
[WhiteFideId "627143"]
[BlackFideId "505080"]
[WhiteElo "2712"]
[BlackElo "2428"]
[Result "1-0"]
[Round "2"]
[TimeControl "180+1"]
[Date "2023.08.22"]
[WhiteClock "0:01:10"]
[BlackClock "0:00:00"]
[Board "86"]

1. Nf3 d5 2. c4 c6 3. b3 Nf6 4. Bb2 Bg4 5. Ne5 Bf5 6. g3 Nbd7 7. Nxd7 Qxd7 8. h3 d4 9. d3 e5 10. Bg2 h5 11. Nd2 Be7 12. Rc1 O-O-O 13. a3 g5 14. Nf3 g4 15. Nxe5 Qe6 16. f4 gxf3 17. Nxf3 Bd6 18. Nxd4 Bxg3+ 19. Kd2 Ne4+ 20. Kc2 Rxd4 21. Bxd4 Nf2 22. Qf1 Nxh1 23. Bxh8 Nf2 24. Bd4 Nxh3 25. Qf3 Ng5 26. Qxg3 1-0


[Site "https://www.chess.com"]

[Event "Titled Tuesday Blitz August 22 Early 2023"]
[White "Llanos, Guillermo"]
[Black "Morefield, Jason"]
[WhiteFideId "100358"]
[BlackFideId "30920825"]
[WhiteElo "2424"]
[BlackElo "2711"]
[Result "0-1"]
[Round "2"]
[TimeControl "180+1"]
[Date "2023.08.22"]
[WhiteClock "0:00:00"]
[BlackClock "0:00:04"]
[Board "87"]

1. c4 c6 2. Nf3 d5 3. e3 g6 4. Nc3 Bg7 5. d4 Nf6 6. h3 O-O 7. Bd3 Bf5 8. Bxf5 gxf5 9. Qd3 e6 10. O-O Nbd7 11. b3 Ne4 12. Bb2 a6 13. Ne2 b5 14. Rac1 Qe7 15. Qd1 bxc4 16. bxc4 Rfb8 17. Ba1 Rb4 18. c5 Rab8 19. Nf4 Qd8 20. Nd3 R4b5 21. Nfe5 Nxe5 22. Nxe5 Bxe5 23. dxe5 Rxc5 24. Rxc5 Nxc5 25. Qc2 Qa5 26. Bd4 Ne4 27. Qxc6 Qxa2 28. f3 Ng3 29. Ra1 Rb1+ 30. Rxb1 Qxb1+ 31. Kh2 Nf1+ 32. Kg1 Ng3+ 33. Kf2 Nh1+ 34. Ke2 Qa2+ 35. Kd3 Nf2+ 36. Kc3 Qa3+ 37. Kc2 Qd3+ 38. Kb2 Nd1+ 39. Ka2 Nxe3 40. Qe8+ Kg7 41. Bxe3 Qxe3 42. Qb8 Qf2+ 43. Kb3 Qxg2 44. f4 Qf3+ 45. Kb4 Qxf4+ 46. Kc5 d4 47. Kd6 d3 48. Ke7 Qg5+ 49. Ke8 d2 50. Qd6 Qf4 51. Qf8+ Kg6 52. Qxf7+ Kg5 53. Qg7+ Kh4 54. Qxh7+ Kg3 55. Qd7 Kf2 56. Kf7 Ke1 57. Qxe6 d1=Q 58. Qc6 Qxe5 59. Qh1+ Kd2 60. Qg2+ Qee2 61. Qd5+ Qd3 62. Qa5+ Qc3 63. Qd5+ Kc2 64. Qxf5+ Qdd3 65. Qf2+ Qdd2 66. Qf5+ Kb2 67. Qe6 Qc7+ 0-1


[Site "https://www.chess.com"]

[Event "Titled Tuesday Blitz August 22 Early 2023"]
[White "Zhao, Jun"]
[Black "Khromkin, Andrey"]
[WhiteFideId "8602522"]
[BlackFideId "4154126"]
[WhiteElo "2711"]
[BlackElo "2419"]
[Result "1-0"]
[Round "2"]
[TimeControl "180+1"]
[Date "2023.08.22"]
[WhiteClock "0:00:11"]
[BlackClock "0:00:00"]
[Board "88"]

1. d4 d5 2. Nf3 a6 3. Bf4 c5 4. e3 Nc6 5. Nbd2 Bg4 6. h3 Bh5 7. c3 e6 8. Bd3 Bd6 9. dxc5 Bxc5 10. O-O Nf6 11. Qc2 O-O 12. Ne5 Nxe5 13. Bxe5 Bg6 14. Rad1 Bd6 15. Bxf6 Qxf6 16. e4 Qf4 17. g3 Qh6 18. Kg2 dxe4 19. Bxe4 Rad8 20. Nf3 Bb8 21. Qe2 b5 22. Bb7 e5 23. Rxd8 Rxd8 24. Rd1 Re8 25. Bxa6 Bf5 26. Nh4 Bxh3+ 27. Kxh3 Qxa6 28. Qg4 Qxa2 29. Nf5 g6 30. Rd7 Qe6 31. Nh6+ Kh8 32. Nxf7+ Kg8 33. Qxe6 Rxe6 34. Ng5 Re8 35. Nxh7 Rc8 36. Nf6+ Kf8 37. Kg4 b4 38. Kg5 bxc3 39. Kxg6 1-0


[Site "https://www.chess.com"]

[Event "Titled Tuesday Blitz August 22 Early 2023"]
[White "Di Benedetto, Edoardo"]
[Black "Pershina, Elena"]
[WhiteFideId "875740"]
[BlackFideId "24147516"]
[WhiteElo "2708"]
[BlackElo "2418"]
[Result "1-0"]
[Round "2"]
[TimeControl "180+1"]
[Date "2023.08.22"]
[WhiteClock "0:00:24"]
[BlackClock "0:00:03"]
[Board "89"]

1. d4 d5 2. c4 c6 3. Nc3 Nf6 4. Nf3 dxc4 5. a4 Bf5 6. e3 e6 7. Bxc4 Bb4 8. O-O O-O 9. Qe2 Nbd7 10. e4 Bg6 11. Bd3 Bh5 12. e5 Nd5 13. Ne4 c5 14. dxc5 Nxe5 15. Bc2 Nxf3+ 16. gxf3 Qh4 17. Bg5 Qh3 18. Ng3 Bxc5 19. Be3 Bd6 20. Be4 Rac8 21. Rad1 Rfd8 22. Bxd5 exd5 23. Rxd5 Rc2 24. Rxh5 Qxg3+ 25. hxg3 Rxe2 26. Rd1 Be7 27. Rxd8+ Bxd8 28. Rd5 Bf6 29. b3 g6 30. Bxa7 Kg7 31. Rb5 Rb2 32. Rxb7 Rb1+ 33. Kg2 h5 34. Be3 h4 35. gxh4 Bxh4 36. a5 Bf6 37. a6 1-0


[Site "https://www.chess.com"]

[Event "Titled Tuesday Blitz August 22 Early 2023"]
[White "Karthik Rajaa"]
[Black "Romero Ruscalleda, Josep"]
[WhiteFideId "25035215"]
[BlackFideId "2231859"]
[WhiteElo "2705"]
[BlackElo "2416"]
[Result "1-0"]
[Round "2"]
[TimeControl "180+1"]
[Date "2023.08.22"]
[WhiteClock "0:00:46"]
[BlackClock "0:00:00"]
[Board "90"]

1. Nf3 g6 2. d4 Bg7 3. e4 d6 4. Nc3 a6 5. a4 Nc6 6. d5 Ne5 7. Nd4 c5 8. Nde2 Nf6 9. h3 Rb8 10. Ng3 O-O 11. Be2 Qc7 12. O-O e6 13. f4 Ned7 14. Kh1 exd5 15. exd5 Re8 16. f5 Ne5 17. Bg5 Nfd7 18. Nce4 f6 19. Bf4 Rf8 20. Bg4 Nf7 21. fxg6 hxg6 22. Be6 Ne5 23. Bxe5 fxe5 24. Qg4 Bxe6 25. dxe6 Nh6 26. Qxg6 Rxf1+ 27. Rxf1 Rf8 28. Nf6+ Rxf6 29. Rxf6 Qe7 30. Nh5 e4 31. Rf7 1-0


[Site "https://www.chess.com"]

[Event "Titled Tuesday Blitz August 22 Early 2023"]
[White "Preotu, Razvan"]
[Black "Dwilewicz, Katarzyna"]
[WhiteFideId "2613280"]
[BlackFideId "1148486"]
[WhiteElo "2698"]
[BlackElo "2414"]
[Result "1-0"]
[Round "2"]
[TimeControl "180+1"]
[Date "2023.08.22"]
[WhiteClock "0:00:08"]
[BlackClock "0:00:03"]
[Board "91"]

1. e4 c5 2. Nf3 d6 3. d4 cxd4 4. Nxd4 Nf6 5. Nc3 a6 6. Be3 e6 7. f3 Be7 8. Qd2 b5 9. a4 b4 10. Na2 a5 11. c3 bxc3 12. Nxc3 O-O 13. Bb5 Bb7 14. O-O Nbd7 15. Nc6 Bxc6 16. Bxc6 Rc8 17. Bb5 Ne5 18. Qe2 Qc7 19. Rac1 Qb8 20. f4 Ng6 21. g4 d5 22. exd5 Nxd5 23. Nxd5 exd5 24. f5 Ne5 25. Rcd1 Rfd8 26. Bf4 Bc5+ 27. Kh1 f6 28. g5 Qa8 29. gxf6 d4+ 30. Qg2 Qxg2+ 31. Kxg2 gxf6 32. Bxe5 fxe5 33. Kf3 Kf7 34. Ke4 Kf6 35. Bc4 Bb6 36. b3 Rc7 37. Rd3 Rg7 38. Rg3 Rdd7 39. Rfg1 Bc7 40. Rxg7 Rxg7 41. Rxg7 Kxg7 42. Bd3 Kf6 43. h3 Bd6 44. Kd5 Bb4 45. Be4 Be1 46. Kc6 Bd2 47. Kd7 h5 48. Ke8 h4 49. Kf8 Be1 50. Kg8 Bd2 51. Kh7 Be1 52. Kh6 Bd2+ 53. Kh5 Be1 54. Bd3 Bf2 55. Kg4 Be1 56. Kf3 Bg3 57. b4 axb4 58. a5 b3 59. a6 e4+ 60. Kxe4 Bb8 61. Kxd4 Ba7+ 62. Kd5 b2 63. Kc6 Bd4 64. Kb7 Ke5 65. a7 Bxa7 66. Kxa7 Kd4 67. Bb1 Ke5 68. Kb6 1-0


[Site "https://www.chess.com"]

[Event "Titled Tuesday Blitz August 22 Early 2023"]
[White "Baches Garcia, Guillermo"]
[Black "Volovich, Vasily"]
[WhiteFideId "2209764"]
[BlackFideId "34169676"]
[WhiteElo "2413"]
[BlackElo "2696"]
[Result "0-1"]
[Round "2"]
[TimeControl "180+1"]
[Date "2023.08.22"]
[WhiteClock "0:00:00"]
[BlackClock "0:00:08"]
[Board "92"]

1. e4 e6 2. d4 d5 3. exd5 exd5 4. Nf3 Nf6 5. Bd3 c5 6. O-O c4 7. Re1+ Be7 8. Bf1 O-O 9. Nc3 Nc6 10. Ne5 Bb4 11. Bg5 Bxc3 12. bxc3 h6 13. Bh4 Bf5 14. g4 Be4 15. f3 Bh7 16. Bxf6 gxf6 17. Nxc6 bxc6 18. Qd2 Kg7 19. Rab1 Rb8 20. h4 Qc7 21. Kg2 Rxb1 22. Rxb1 Rb8 23. Rxb8 Qxb8 24. g5 hxg5 25. hxg5 Qd6 26. Be2 Bg6 27. Bd1 Qe7 28. gxf6+ Qxf6 29. Qe3 Qf5 30. Qe5+ Qf6 31. Kg3 a5 32. a3 Bf5 33. Kf4 Kg6 34. Qxf6+ Kxf6 35. Be2 Bxc2 36. Bf1 Bf5 37. Be2 Bd3 38. Bd1 Ke6 39. Ba4 Kd6 40. Bd1 f6 41. Ke3 c5 42. Ba4 Bf5 43. Be8 Bh3 44. Bf7 Bg2 45. Bg8 cxd4+ 46. cxd4 Bh3 47. f4 Be6 48. Bh7 Kc6 49. Bc2 Bg4 50. Kd2 Kd6 51. Ke3 Ke6 52. Ba4 Bf5 53. Kd2 Be4 0-1


[Site "https://www.chess.com"]

[Event "Titled Tuesday Blitz August 22 Early 2023"]
[White "Kavutskiy, Konstantin"]
[Black "Astafurov, Arseniy"]
[WhiteFideId "2026384"]
[BlackFideId "24175218"]
[WhiteElo "2691"]
[BlackElo "2411"]
[Result "0-1"]
[Round "2"]
[TimeControl "180+1"]
[Date "2023.08.22"]
[WhiteClock "0:00:00"]
[BlackClock "0:00:02"]
[Board "93"]

1. Nf3 d5 2. e3 Nf6 3. c4 c6 4. Nc3 a6 5. d4 e6 6. b3 Bb4 7. Bd2 Qe7 8. Bd3 Nbd7 9. O-O O-O 10. h3 a5 11. Re1 dxc4 12. bxc4 e5 13. Bf1 Re8 14. Qc2 e4 15. Nh2 Bd6 16. Rab1 Nf8 17. Be2 h5 18. Na4 Bf5 19. c5 Bb8 20. Nf1 h4 21. Nb6 Ra7 22. Nc4 N8h7 23. Nd6 Bxd6 24. cxd6 Qxd6 25. Qc5 Qxc5 26. dxc5 Nd5 27. Rb2 Nhf6 28. Reb1 Re7 29. a3 g5 30. Rb3 Bc8 31. Bc1 Nd7 32. R3b2 Nxc5 33. Rc2 Nd3 34. Nd2 Re6 35. Bb2 Nxb2 36. Rbxb2 b5 37. Bxb5 Bd7 38. Bc4 Kg7 39. Rb8 Re7 40. Bxd5 cxd5 41. Nb3 Bf5 42. Nd4 Bg6 43. Nc6 Rec7 44. Rbb2 Rab7 45. Rxb7 Rxb7 46. Nxa5 Ra7 47. Rc5 Kf6 48. Rxd5 Bf5 49. Kf1 Be6 50. Rc5 Kg6 51. Ke1 f6 52. Kd2 g4 53. hxg4 Bxg4 54. Kc3 Bf5 55. Kb4 Be6 56. Nc6 Rb7+ 57. Rb5 Rc7 58. Rb6 Rd7 59. Nd4 Bf7 60. a4 Rc7 61. a5 Rc1 62. a6 Rb1+ 63. Kc5 Ra1 64. Nb5 Rc1+ 65. Kd6 Rd1+ 66. Kc7 Ra1 67. a7 Bc4 68. Kb7 Bf1 69. a8=Q Rxa8 70. Kxa8 Bxg2 71. Kb7 h3 72. Nd6 h2 73. Rb1 f5 74. Rc1 Kg5 75. Nf7+ Kf6 76. Nd6 Kg5 77. Nf7+ Kf6 78. Nd6 h1=Q 79. Rxh1 Bxh1 80. Kc6 Ke5 81. Kd7 f4 82. Ke7 fxe3 83. fxe3 Kd5 84. Nf7 Kc4 85. Nd6+ Kd3 86. Nf5 Bf3 87. Kf6 Bg4 88. Nh6 Bd7 89. Ke5 Kxe3 90. Nf7 Kd3 91. Ng5 e3 92. Nf3 e2 93. Ne1+ Ke3 94. Nc2+ Kd2 95. Nd4 Ke3 96. Kd6 Kxd4 0-1


[Site "https://www.chess.com"]

[Event "Titled Tuesday Blitz August 22 Early 2023"]
[White "Nosacheva, Mariya"]
[Black "Skliarov, Viktor"]
[WhiteFideId "34111422"]
[BlackFideId "14106736"]
[WhiteElo "2408"]
[BlackElo "2690"]
[Result "1/2-1/2"]
[Round "2"]
[TimeControl "180+1"]
[Date "2023.08.22"]
[WhiteClock "0:00:21"]
[BlackClock "0:00:07"]
[Board "94"]

1. e4 c5 2. Nf3 Nc6 3. d4 cxd4 4. Nxd4 Nf6 5. Nc3 e5 6. Ndb5 d6 7. Bg5 a6 8. Na3 b5 9. Bxf6 gxf6 10. Nd5 f5 11. Bd3 Be6 12. O-O Bg7 13. c4 bxc4 14. Nxc4 Bxd5 15. exd5 Nd4 16. Bxf5 Nxf5 17. Qg4 Qh4 18. Nxd6+ Kd7 19. Qxf5+ Kxd6 20. Rac1 Bf6 21. Rc6+ Ke7 22. d6+ Kf8 23. d7 Kg7 24. Rfc1 Rad8 25. R1c4 Qh6 26. Rg4+ Kf8 27. Qxf6 Qxf6 28. Rxf6 Rxd7 29. g3 Ra7 30. Ra4 Kg7 31. Rfxa6 Rd7 32. Kg2 Rd2 33. b3 Rc8 34. Rg4+ Kf8 35. Rg5 Rcc2 36. Ra8+ Ke7 37. Rf5 Rxa2 38. Rxa2 Rxa2 39. Rxe5+ Kf6 40. Rh5 Kg6 41. Rb5 Rb2 42. h4 h6 43. b4 Kf6 44. h5 Kg7 45. Rb6 Rb3 46. b5 Rb2 47. Rb7 Rb3 48. b6 Rb5 49. g4 Rb3 50. f3 Rb2+ 51. Kg3 Rb4 52. Kh4 Rb3 53. Kg3 Rb4 54. Rb8 Kh7 55. b7 Kg7 56. Kf2 Rb2+ 57. Ke3 Rb3+ 58. Kd4 Rb1 59. Kc3 Rb6 60. Kc4 Rb1 61. Kc5 Rc1+ 62. Kd6 Rd1+ 63. Ke7 Re1+ 64. Kd8 Rd1+ 65. Kc7 Rc1+ 66. Kd6 Rd1+ 67. Ke5 Re1+ 68. Kf5 Rb1 69. f4 Rb5+ 70. Ke4 Rb4+ 71. Kd5 Rb1 72. Kd6 Rb2 73. g5 Rb1 74. gxh6+ Kh7 75. Re8 Rxb7 76. Re7 Rb6+ 77. Ke5 Kxh6 78. Rxf7 Kxh5 79. Rg7 Kh6 80. Rg2 Rb5+ 81. Kf6 Rb6+ 82. Ke5 Rb5+ 83. Ke4 Rb4+ 84. Ke5 Rb5+ 1/2-1/2


[Site "https://www.chess.com"]

[Event "Titled Tuesday Blitz August 22 Early 2023"]
[White "Polaczek, Richard"]
[Black "GaiozNigalidze"]
[WhiteFideId "200026"]
[WhiteElo "2404"]
[BlackElo "2688"]
[Result "0-1"]
[Round "2"]
[TimeControl "180+1"]
[Date "2023.08.22"]
[WhiteClock "0:00:02"]
[BlackClock "0:00:20"]
[Board "96"]

1. d4 Nf6 2. c4 e6 3. Nc3 Bb4 4. f3 c5 5. d5 d6 6. e4 Bxc3+ 7. bxc3 e5 8. Bd3 Nbd7 9. Ne2 b6 10. O-O a5 11. a4 Qe7 12. g4 h6 13. Ng3 g6 14. Be3 Ba6 15. Qd2 Qf8 16. h4 O-O-O 17. Rf2 Kc7 18. Be2 Re8 19. Rb1 Qe7 20. Bxh6 Nxg4 21. Bg5 f6 22. fxg4 fxg5 23. Qxg5 Rxh4 24. Qxe7 Rxe7 25. Rbf1 Rhh7 26. g5 Bc8 27. Bg4 Rh4 28. Be6 Reh7 29. Kg2 Rh2+ 30. Kf3 Rxf2+ 31. Rxf2 Nf8 32. Bxc8 Kxc8 33. Kg4 Nd7 34. Nf5 gxf5+ 35. exf5 Kd8 36. f6 Rh1 37. g6 Ke8 38. Kf5 Rh5+ 39. Ke6 Nf8+ 40. Kxd6 Nxg6 41. f7+ Kf8 42. Kc6 e4 43. Kxb6 e3 44. Re2 Re5 45. Kxc5 Nf4 46. Re1 Nd3+ 47. Kd6 Nxe1 48. Kxe5 Nd3+ 0-1


[Site "https://www.chess.com"]

[Event "Titled Tuesday Blitz August 22 Early 2023"]
[White "Dehtiarov, Roman"]
[Black "Gheorghiu, Calin"]
[WhiteFideId "14186640"]
[BlackFideId "1200305"]
[WhiteElo "2688"]
[BlackElo "2403"]
[Result "1-0"]
[Round "2"]
[TimeControl "180+1"]
[Date "2023.08.22"]
[WhiteClock "0:00:42"]
[BlackClock "0:00:03"]
[Board "97"]

1. e4 c6 2. Nc3 d5 3. Nf3 dxe4 4. Nxe4 Nf6 5. Qe2 Nxe4 6. Qxe4 Nd7 7. Bc4 Nf6 8. Ne5 e6 9. Qe2 Be7 10. c3 O-O 11. O-O c5 12. Rd1 Qc7 13. d4 cxd4 14. Rxd4 Bc5 15. Rd1 a6 16. Bf4 Qe7 17. b4 Ba7 18. a4 Bb8 19. a5 Nd7 20. Rd4 Nxe5 21. Bxe5 Bxe5 22. Qxe5 Bd7 23. Qc7 Rfc8 24. Qxb7 Rcb8 25. Qxd7 1-0


[Site "https://www.chess.com"]

[Event "Titled Tuesday Blitz August 22 Early 2023"]
[White "Manukian, Artak"]
[Black "Korchmar, Vasiliy"]
[WhiteFideId "13301373"]
[BlackFideId "24131750"]
[WhiteElo "2393"]
[BlackElo "2686"]
[Result "1/2-1/2"]
[Round "2"]
[TimeControl "180+1"]
[Date "2023.08.22"]
[WhiteClock "0:00:21"]
[BlackClock "0:00:09"]
[Board "98"]

1. e4 c5 2. Nf3 d6 3. Bb5+ Nd7 4. O-O a6 5. Bd3 Ngf6 6. c3 e6 7. Bc2 b5 8. d4 Bb7 9. e5 Nd5 10. Re1 dxe5 11. dxe5 Be7 12. Nbd2 h6 13. Ne4 Qc7 14. Ng3 c4 15. Qe2 Nc5 16. Nh5 g6 17. Nf6+ Nxf6 18. exf6 Bxf6 19. Nd4 Bg5 20. b4 cxb3 21. axb3 O-O 22. Bxg5 hxg5 23. b4 Nd7 24. Nxe6 Qc6 25. Be4 Qxe6 26. Bxb7 Qxe2 27. Rxe2 Ra7 28. Bf3 Nf6 29. h3 Rc8 30. Re5 Rxc3 31. Rxb5 axb5 32. Rxa7 Rb3 33. Rc7 Rxb4 34. Rc5 Rb1+ 35. Kh2 b4 36. Rxg5 Kg7 37. Rb5 Rb2 38. Kg1 Rb1+ 39. Kh2 Ne8 40. g4 Kf6 41. g5+ Ke7 42. Rb7+ Kf8 43. Bd5 Nd6 44. Rd7 Nf5 45. Rxf7+ Ke8 46. Rb7 Rb2 47. Bf7+ Kd8 48. Bxg6 Rxf2+ 49. Kg1 Rf4 50. Bxf5 Rxf5 51. Rxb4 Rxg5+ 52. Rg4 Rxg4+ 53. hxg4 Ke7 54. Kf2 Kf6 55. Kg3 Kg5 56. Kf3 Kg6 57. Kf4 Kf6 58. g5+ Kg6 59. Kg4 Kg7 60. Kf5 Kf7 61. g6+ Kg7 62. Kg5 Kg8 63. Kf6 Kf8 64. Kf5 Kg7 65. Kg5 Kg8 66. Kh6 Kh8 67. Kh5 Kg7 68. Kg5 1/2-1/2


[Site "https://www.chess.com"]

[Event "Titled Tuesday Blitz August 22 Early 2023"]
[White "Gutkin, Ilya"]
[Black "Alex_Sahakyan2006"]
[WhiteFideId "16203470"]
[WhiteElo "2372"]
[BlackElo "2682"]
[Result "1/2-1/2"]
[Round "2"]
[TimeControl "180+1"]
[Date "2023.08.22"]
[WhiteClock "0:00:16"]
[BlackClock "0:00:06"]
[Board "99"]

1. e4 c6 2. Nf3 d5 3. Nc3 dxe4 4. Nxe4 Nf6 5. d3 Nxe4 6. dxe4 Qxd1+ 7. Kxd1 Bg4 8. h3 Bxf3+ 9. gxf3 Nd7 10. c3 e6 11. Kc2 Bc5 12. Be3 Ke7 13. Rd1 Bxe3 14. fxe3 Rad8 15. Be2 g6 16. f4 e5 17. Bf3 Nc5 18. b4 Ne6 19. fxe5 Rxd1 20. Rxd1 Rd8 21. Rf1 h5 22. h4 Nf8 23. Bg2 Nd7 24. e6 Kxe6 25. Bh3+ Ke7 26. Bxd7 Rxd7 27. a4 Ke6 28. a5 Ke5 29. Rf4 f6 30. c4 c5 31. bxc5 Rc7 32. Kc3 Rxc5 33. Kb4 b6 34. axb6 axb6 35. Rf1 Ra5 36. Rg1 Kxe4 37. Rxg6 Rf5 38. Rg3 Re5 39. Rg6 Kf5 40. Rg3 Ke6 41. Kc3 Re4 42. Rh3 Ke5 43. Kd3 b5 44. cxb5 Rb4 45. Rh1 Rxb5 46. Ra1 Rb3+ 47. Ke2 Rb4 48. Ra5+ Ke6 49. Rxh5 f5 50. Kf3 Ke5 51. Rh8 Ra4 52. h5 Kf6 53. h6 Rh4 54. Rb8 Rxh6 55. Rb6+ Kg5 56. Rxh6 Kxh6 57. Kf4 Kg6 58. e4 fxe4 59. Kxe4 1/2-1/2


[Site "https://www.chess.com"]

[Event "Titled Tuesday Blitz August 22 Early 2023"]
[White "Albertini, Luca"]
[Black "KarolKacprzak"]
[WhiteFideId "847038"]
[WhiteElo "2346"]
[BlackElo "2679"]
[Result "0-1"]
[Round "2"]
[TimeControl "180+1"]
[Date "2023.08.22"]
[WhiteClock "0:01:44"]
[BlackClock "0:01:49"]
[Board "100"]

1. d4 Nf6 2. c4 c5 3. d5 b5 4. cxb5 a6 5. bxa6 Bxa6 6. Nc3 g6 7. e4 Bxf1 8. Kxf1 d6 9. g3 Bg7 10. Nf3 O-O 11. Kg2 Nbd7 12. Qe2 Qa5 13. h3 Rfb8 14. a4 Nb6 15. Bd2 Qa6 16. Rhe1 Nfd7 17. b3 Qxe2 18. Rxe2 c4 19. a5 cxb3 20. Nb5 Bxa1 0-1


[Site "https://www.chess.com"]

[Event "Titled Tuesday Blitz August 22 Early 2023"]
[White "Pert, Richard G"]
[Black "Carre, Sylvain"]
[WhiteFideId "404748"]
[BlackFideId "642118"]
[WhiteElo "2674"]
[BlackElo "2332"]
[Result "1-0"]
[Round "2"]
[TimeControl "180+1"]
[Date "2023.08.22"]
[WhiteClock "0:00:48"]
[BlackClock "0:00:06"]
[Board "102"]

1. d4 d5 2. Nf3 Nf6 3. Bf4 c5 4. e3 Nc6 5. Nbd2 e6 6. Bb5 Bd6 7. dxc5 Bxc5 8. O-O O-O 9. c4 a6 10. Bxc6 bxc6 11. Qa4 Bb7 12. Rfd1 h6 13. h3 Bd6 14. Ne5 Bxe5 15. Bxe5 Nd7 16. Bg3 Re8 17. Rac1 Rc8 18. cxd5 cxd5 19. Nb3 Rxc1 20. Rxc1 Nb6 21. Qb4 e5 22. f4 Ba8 23. fxe5 Nc4 24. Nd4 Nxe5 25. Bxe5 Rxe5 26. Qc3 Qg5 27. Re1 Kh7 28. Nf3 Qxg2+ 29. Kxg2 d4 30. exd4 Rxe1 31. Qxe1 1-0


[Site "https://www.chess.com"]

[Event "Titled Tuesday Blitz August 22 Early 2023"]
[White "Djordjevic, Vuk"]
[Black "Sovetbekova, Nurai"]
[WhiteFideId "902098"]
[BlackFideId "13801910"]
[WhiteElo "2670"]
[BlackElo "2326"]
[Result "1-0"]
[Round "2"]
[TimeControl "180+1"]
[Date "2023.08.22"]
[WhiteClock "0:00:21"]
[BlackClock "0:00:07"]
[Board "103"]

1. d4 Nf6 2. Bg5 d5 3. Bxf6 gxf6 4. e3 Bf5 5. c4 e6 6. Nc3 c6 7. Nf3 Nd7 8. Nh4 Bg6 9. Nxg6 hxg6 10. Bd3 f5 11. Qe2 Bg7 12. O-O-O dxc4 13. Bxc4 Nb6 14. Bb3 Nd5 15. Bxd5 cxd5 16. Kb1 Qd7 17. Rc1 Rc8 18. Nb5 O-O 19. Nxa7 Ra8 20. Nb5 Ra5 21. Nc3 b5 22. b3 Rfa8 23. Rc2 e5 24. dxe5 Bxe5 25. Rd1 Bxc3 26. Rxc3 Rxa2 27. Qxa2 Rxa2 28. Kxa2 b4 29. Rcd3 Qa7+ 30. Kb2 Kg7 31. g3 Qc7 32. h4 Qe5+ 33. Rd4 Qf6 34. Ra1 Qc6 35. Rxb4 Qf6+ 36. Rd4 g5 37. hxg5 Qxg5 38. Ra5 Qg4 39. Rxg4+ 1-0


[Site "https://www.chess.com"]

[Event "Titled Tuesday Blitz August 22 Early 2023"]
[White "Battlecruiser_Operational"]
[Black "Rakhimzhan_Alen"]
[WhiteElo "2325"]
[BlackElo "2661"]
[Result "1/2-1/2"]
[Round "2"]
[TimeControl "180+1"]
[Date "2023.08.22"]
[WhiteClock "0:00:05"]
[BlackClock "0:00:05"]
[Board "104"]

1. e4 c5 2. Nc3 Nc6 3. f4 g6 4. Nf3 Bg7 5. Bb5 Nd4 6. Bc4 e6 7. O-O Ne7 8. e5 d6 9. Ne4 Nxf3+ 10. Qxf3 dxe5 11. fxe5 Qd4+ 12. Kh1 O-O 13. d3 Qxe5 14. Bf4 Qxb2 15. Bd6 Nf5 16. Bxf8 Kxf8 17. g4 Nh6 18. Rab1 Qd4 19. c3 Qd8 20. Nxc5 Qe7 21. Ne4 e5 22. Bd5 Bxg4 23. Qf2 Bf5 24. c4 Rb8 25. Ng3 b6 26. a4 Be6 27. Bxe6 Qxe6 28. Ne4 Rd8 29. Qf3 Qc6 30. Ng5 Qxf3+ 31. Rxf3 Nf5 32. Ra1 Ke7 33. Nxh7 Rd7 34. Ng5 Rd4 35. Ne4 Rd7 36. a5 Nd4 37. Rf2 f5 38. Nc3 bxa5 39. Nd5+ Kf7 40. Rxa5 Nc6 41. Ra6 Nd4 42. Rfa2 f4 43. Rxa7 Rxa7 44. Rxa7+ Kg8 45. Kg2 f3+ 46. Kf2 Bh6 47. Ne3 Bf8 48. Ra8 Kf7 49. Ra5 Bb4 50. Rxe5 Kf6 51. Re4 Bc5 52. Rf4+ Ke5 53. Rxf3 Nxf3 54. Kxf3 Kd4 55. Ke2 Kc3 56. Ng4 Bd6 57. h3 Kd4 58. Nf2 Bf4 59. Ne4 Ke5 60. c5 Kd5 61. Kf3 Bc1 62. Ke2 Bf4 63. Kd1 Be3 64. Kc2 Bf4 65. Kc3 Be5+ 66. Kb4 Kd4 67. c6 Kxd3 68. Ng5 Kd4 69. Kb5 Kd5 70. Nh7 Ke6 71. Nf8+ Kf7 72. Nd7 Bd6 73. Kb6 Ke6 74. Kb7 Kd5 75. Nb6+ Ke6 76. c7 Bxc7 77. Kxc7 Kf5 78. Kd6 Kg5 79. Nd5 Kh4 80. Nf4 g5 81. Ne6 Kxh3 82. Nxg5+ 1/2-1/2


[Site "https://www.chess.com"]

[Event "Titled Tuesday Blitz August 22 Early 2023"]
[White "Haug, Havard"]
[Black "Osinovsky, Stepan"]
[WhiteFideId "1547887"]
[BlackFideId "4157354"]
[WhiteElo "2660"]
[BlackElo "2305"]
[Result "0-1"]
[Round "2"]
[TimeControl "180+1"]
[Date "2023.08.22"]
[WhiteClock "0:00:08"]
[BlackClock "0:00:15"]
[Board "105"]

1. e4 e5 2. Nf3 Nc6 3. Bc4 Nf6 4. d3 Be7 5. O-O d5 6. exd5 Nxd5 7. Re1 Bg4 8. h3 Bh5 9. Nbd2 O-O 10. c3 Kh8 11. Ne4 f5 12. Ng3 Bg6 13. Nxe5 Nxe5 14. Rxe5 Nb6 15. Bb3 f4 16. Ne4 Nd7 17. Rd5 c6 18. Rd4 Qc7 19. f3 Ne5 20. Qe2 Rad8 21. Rxd8 Bxd8 22. d4 Nd7 23. Bd2 c5 24. dxc5 Nxc5 25. Nf2 Qb6 26. Kh1 Nxb3 27. axb3 Qxb3 28. Be1 Bb6 29. Ne4 h6 30. Bf2 Bxf2 31. Nxf2 a6 32. Qd2 Kh7 33. Re1 Rf7 34. Ng4 Qb6 35. Ne5 Rf5 36. Qd7 Qf2 37. Re4 Rg5 38. Ng4 Bxe4 39. fxe4 Qe1+ 40. Kh2 Qg3+ 41. Kh1 f3 42. gxf3 Qxf3+ 43. Kg1 Qg3+ 44. Kf1 Qxh3+ 45. Kf2 Qxg4 46. Qc7 Rg6 47. Qxb7 Qf4+ 48. Ke2 Rg3 49. Kd1 Qe3 50. Kc2 Rg2+ 51. Kb3 Re2 52. Qd7 Qxe4 53. Qa7 Qc2+ 54. Kc4 Qe4+ 55. Kb3 Qc2+ 56. Kc4 Qxb2 57. Qa8 Qa2+ 58. Kd3 Qe6 59. Qf3 Re1 60. c4 Re5 61. Kd4 Qd6+ 62. Kc3 Rc5 63. Qe4+ g6 64. Qe8 Rc7 65. Qe4 Qc6 66. Qd4 Qxc4+ 67. Qxc4 Rxc4+ 68. Kxc4 h5 69. Kd3 h4 70. Ke2 h3 71. Kf1 a5 72. Kg1 a4 73. Kh2 a3 74. Kxh3 a2 75. Kg4 a1=Q 76. Kg5 Qa5+ 0-1


[Site "https://www.chess.com"]